[Event "12th Tamil Nadu Circuit-IM 2024"]
[Site "Chennai"]
[Date "2024.01.09"]
[Round "1.1"]
[White "Prasannaa.s"]
[Black "Md Imran"]
[Result "1-0"]
[ECO "A22"]
[WhiteElo "2213"]
[BlackElo "2222"]
[Annotator "TA"]
[PlyCount "119"]
[EventDate "2024.01.09"]
[EventType "tourn"]
[EventCountry "IND"]
[SourceTitle "playchess.com"]
[Source "ChessBase"]
[SourceQuality "1"]
[TimeControl "5400+30"]

1. a3 e5 2. c4 Nf6 3. Nc3 c6 4. Nf3 e4 5. Nd4 Bc5 6. Nb3 {[%emt 0:01:05] A22: English Opening: 1...e5 2 Nc3 Nf6.} Bb6 7. c5 Bc7 8. d4 {[%emt 0:00:56] The position is equal.} exd3 9. Qxd3 {[%emt 0:00:40] [#]} (9. e4 {is more complex.} O-O 10. f4 d5 11. cxd6 Qxd6 12. e5) 9... d5 $146 ({Predecessor:} 9... O-O 10. Bg5 h6 11. Bh4 Re8 12. Ne4 Rxe4 13. Bxf6 Qe8 14. Bc3 b6 15. Qc2 Na6 16. cxb6 axb6 {½-½ Van Doorn,J (2209)-Legemaat,G (2371) NED-ch KE10 email 2006}) 10. cxd6 $1 Qxd6 11. Qxd6 Bxd6 12. Bg5 h6 13. Bxf6 gxf6 14. g3 Be6 15. Nd4 Be5 16. O-O-O Nd7 17. Nxe6 fxe6 18. Kc2 Ke7 19. Bg2 Rad8 20. Na4 Rhg8 21. Bf3 a5 22. e3 b5 23. Nc3 Nb6 24. Be2 f5 25. Rxd8 Rxd8 26. Rd1 Rb8 27. Rd2 b4 28. axb4 axb4 29. Nd1 c5 30. Kb3 Ra8 31. f4 Bd6 32. Nf2 Rc8 33. Bc4 Rd8 (33... e5 $14) 34. e4 $16 Bc7 35. Rxd8 Bxd8 36. exf5 ({White should try} 36. e5 $16) 36... exf5 {[%emt 0:00:03][%mdl 4096] Endgame KBN-KBN} 37. Nd3 Kd6 38. Ne5 {[%emt 0:00:05] Black must now prevent Nf7+.} Bf6 39. Nf7+ Ke7 {[%emt 0:00:04] aiming for ...Nxc4.} 40. Nxh6 {[%emt 0:03:53] Hoping for Ng8+.} Nxc4 41. Kxc4 $11 {[%emt 0:02:35] KB-KN} Ke6 42. g4 Bxb2 43. Nxf5 {[%emt 0:00:38][%cal Of5e3] Threatens to win with Ne3!} Bc1 {[%emt 0:00:07] Against Ne3} 44. Ng7+ Kf6 45. Nh5+ Kg6 $2 {[%emt 0:00:06][%mdl 8192] White now steadily converts the win.} (45... Ke6 $11) 46. h4 $18 (46. Kxc5 $2 b3 47. f5+ Kf7 $19) 46... Kh6 47. f5 (47. Kxc5 $2 b3 48. Nf6 b2 $19) 47... Bb2 48. Ng3 $1 (48. Kxc5 b3 49. Kb4 Bf6 50. g5+ (50. Nxf6 $2 b2 $19) (50. Kxb3 Bxh4 51. f6 Kg6 $11) 50... Kxh5 51. Kxb3 Bxg5 $11) 48... Bf6 49. g5+ (49. Kxc5 Bxh4 50. Kxb4 Bxg3 $11) 49... Bxg5 50. hxg5+ Kxg5 {[%emt 0:00:02] [#] KN-KPP} 51. Kd5 $1 {[%emt 0:00:16] White mates.} ({Stronger than} 51. Kxc5 b3 $11) 51... Kf6 {[%emt 0:00:20] [#]} 52. Ke4 $1 ({Weaker is} 52. Kxc5 b3 $11) (52. Kc4 Ke5 $11) 52... b3 53. Ne2 ({Not} 53. Nh5+ $2 Kg5 54. Ng7 b2 55. Ne6+ Kf6 $19) 53... b2 54. Nc3 Kf7 55. Ke5 Ke7 56. f6+ Kf7 57. Kf5 Kf8 58. Ke6 Ke8 59. f7+ Kf8 60. Nb1 {[%emt 0:02:17] Weighted Error Value: White=0.05 (flawless) /Black=0.18 (very precise)} 1-0

[Event "12th Tamil Nadu Circuit-IM 2024"]
[Site "Chennai"]
[Date "2024.01.09"]
[Round "1.2"]
[White "Mohamed Anees M"]
[Black "Mamombe, Kudzanai"]
[Result "1-0"]
[ECO "C97"]
[WhiteElo "2319"]
[BlackElo "1797"]
[Annotator "TA"]
[PlyCount "105"]
[EventDate "2024.01.09"]
[EventType "tourn"]
[EventCountry "IND"]
[SourceTitle "playchess.com"]
[Source "ChessBase"]
[SourceQuality "1"]
[TimeControl "5400+30"]

1. e4 e5 2. Nf3 Nc6 3. Bb5 a6 4. Ba4 Nf6 5. O-O b5 6. Bb3 Be7 7. Re1 d6 8. c3 O-O 9. h3 Na5 10. Bc2 c5 11. d4 Qc7 12. d5 c4 13. b4 Nb7 {[%emt 0:05:41] C97: Closed Ruy Lopez: Chigorin Defence: 11 d4 Qc7, sidelines.} 14. a4 {[%emt 0:00:07] [#] Strongly threatening axb5.} Bd7 15. a5 {[%emt 0:00:34] [#]} Rac8 $146 {[%emt 0:01:44] White is slightly better.} ({Predecessor:} 15... Ne8 16. g4 g6 17. Bh6 Ng7 18. Nbd2 Qc8 19. Kh2 Nd8 20. Rg1 f6 {½-½ Alekseev,E (2604)-Harikrishna,P (2612) Wch U20 43rd 2004 (6)}) 16. Nbd2 {[%emt 0:06:22][%cal Bb1d2,Bd2f1,Bf1g3][%mdl 32] White stays focused until the end.} h6 (16... Ne8 $14 {is superior.}) 17. Nf1 $16 Rfe8 18. Ng3 Nh7 19. Be3 Nd8 20. Qd2 Rb8 21. Rf1 Rb7 22. Rae1 Qc8 23. Bd1 {[%emt 0:01:49] White is more active.} Rf8 24. Qc1 Re8 25. Nh2 Bf8 (25... Bh4 $16) 26. f4 $18 exf4 27. Bxf4 ({Much less strong is} 27. Rxf4 Be7 28. Rff1 Bh4 $16) 27... g5 $2 (27... Qa8 28. Nf3 Qb8) 28. Be3 Bg7 29. Ng4 Bxg4 30. Bxg4 ({Weaker is} 30. hxg4 Qd7 31. Nf5 f6 $18) 30... Qc7 31. Nf5 f6 32. Bb6 Qb8 33. Bh5 Rf8 {[%emt 0:01:27] Black is weak on the light squares} 34. Qd1 Nf7 35. Bxf7+ Rbxf7 36. Qh5 Rd7 37. Nxh6+ Bxh6 38. Qxh6 Qe8 39. Bd4 Qe7 (39... Rg7 40. Rf5 (40. Bxf6 $2 Rg6 $17) 40... Qg6 41. Qxg6 Rxg6) 40. Qg6+ Qg7 41. Qf5 Re7 42. Re3 Qf7 43. Rg3 Kh8 $2 (43... Qh5 44. Qf4 Rd7) 44. Rxg5 {[%emt 0:03:50] White is clearly winning.} Nxg5 45. Qxg5 Qg7 46. Bxf6 Rxf6 47. Qxf6 Rxe4 48. Qxd6 {[%emt 0:00:11] KQR-KQR} Re2 49. Qf8+ (49. Qxa6 $2 Qxg2#) 49... Qxf8 50. Rxf8+ Kg7 51. Ra8 Re3 52. Rxa6 {[%emt 0:00:36] [#] Hoping for d6.} Rxc3 53. Rb6 {[%emt 0:00:05] Weighted Error Value: White=0.25 (precise) /Black=0.31} 1-0

[Event "12th Tamil Nadu Circuit-IM 2024"]
[Site "Chennai"]
[Date "2024.01.09"]
[Round "1.3"]
[White "Pradeep Kumar R A"]
[Black "Raghav V"]
[Result "0-1"]
[ECO "E17"]
[WhiteElo "2189"]
[BlackElo "2150"]
[Annotator "TA"]
[PlyCount "214"]
[EventDate "2024.01.09"]
[EventType "tourn"]
[EventCountry "IND"]
[SourceTitle "playchess.com"]
[Source "ChessBase"]
[SourceQuality "1"]
[TimeControl "5400+30"]

1. Nf3 Nf6 2. c4 e6 3. g3 b6 4. Bg2 Bb7 5. O-O Be7 6. d4 O-O 7. Re1 d5 8. Ne5 Nbd7 9. cxd5 exd5 10. Nc3 c5 {[%emt 0:03:07] [#]} 11. Nd3 $146 {[%emt 0:25:34] E17: Queen's Indian: 4 g3 Bb7 5 Bg2 Be7.} (11. Qa4 $5 ) ({Predecessor:} 11. Be3 Nxe5 12. dxe5 Ne4 13. Nxe4 dxe4 14. Qa4 Qe8 15. Qxe8 Rfxe8 16. Rad1 Rad8 17. f4 f5 18. Kf2 Kf7 19. Rxd8 Rxd8 {½-½ Ftacnik,L (2455)-Votava,J (2462) AUT-chT 2324 2023 (3.3)}) 11... Ne4 12. dxc5 Ndxc5 13. Bd2 {[%emt 0:10:31] The position is equal.} Nxd3 14. exd3 Nxd2 15. Qxd2 Bg5 16. Qd1 Qd7 17. d4 Bf6 18. Qd2 Qf5 19. Rac1 Rac8 20. b3 Bg5 21. f4 Bf6 22. h3 g6 23. Kh2 Bg7 ({Better is} 23... Qd7 $11) 24. h4 (24. Re7 $14 Bc6 25. Rxa7) 24... Qf6 $11 25. Bxd5 Rxc3 {[%emt 0:00:55][%mdl 64] [#] Remove Defender} 26. Bxb7 Rxc1 27. Rxc1 Qxd4 {[%emt 0:00:55] Black is weak on the light squares} 28. Qxd4 Bxd4 {[%emt 0:00:03][%mdl 4096] Endgame KRB-KRB} 29. Rc7 a5 30. Bd5 Bc5 31. Kg2 Kg7 32. Kf3 h5 33. Bc4 Kf6 34. Rb7 Kg7 35. Rd7 Kf6 36. g4 hxg4+ 37. Kxg4 Kg7 38. Rc7 Bd4 39. f5 Kf6 40. Rc6+ Kg7 41. Kg5 (41. Rd6 $5 Bc5 42. f6+ Kh6 43. Rd7 $14) 41... Be3+ 42. Kg4 Bd4 43. Rd6 Bf6 44. fxg6 fxg6 45. Rxb6 Rd8 46. Rb5 a4 47. Bd5 (47. bxa4 $2 {is the wrong capture.} Rd4+ 48. Kf3 Rxc4 $19) (47. h5 $5 ) 47... axb3 48. axb3 Kh6 49. Kg3 Be5+ 50. Kf3 Rf8+ 51. Kg2 Rf4 52. Bf3 Bf6 53. h5 gxh5 54. Rxh5+ Kg6 55. Rb5 Be7 56. Rb6+ Kg7 57. Bd5 Rd4 58. Bc4 $1 Rd6 59. Rb7 Kf6 60. Kf3 Bd8 61. Ke4 Bb6 62. Bd5 Bg1 63. Rf7+ Kg6 64. Rf8 {[%emt 0:00:48] And now Rg8+ would win.} Bc5 65. Rc8 Bf2 66. Rg8+ Kh7 67. Rg2 Bc5 68. Ke5 Rb6 69. Be6 Bb4 70. Bc4 Bc3+ 71. Kd5 Bb4 72. Bd3+ Kh6 73. Kc4 Be7 74. Bc2 Kh5 75. Bd1+ Kh6 76. Bf3 Rb4+ 77. Kc3 Rb6 78. Bd5 Kh5 79. Kd4 Kh6 80. Ke5 Rg6 81. Re2 Bb4 82. Be6 Rg5+ 83. Kd4 Rb5 84. Kc4 Rb6 85. Bd7 Bf8 86. Bb5 Rf6 87. Re4 Kg5 88. Re8 Rf4+ 89. Kd5 Rf5+ 90. Kc6 Rf6+ 91. Kc7 Bb4 92. Bc6 Bc5 93. Bd7 {[%emt 0:01:05] Black must now prevent Re5+.} Kf4 {[%emt 0:00:22] Repels Re5} 94. Rg8 Ke3 95. Rg4 Rf4 96. Rg5 Bb4 97. Kc6 Kd4 98. Kb5 Be7 {[%emt 0:00:38] [#]} 99. Bc6 $2 {[%emt 0:00:53][%mdl 8192] White does not recover from this.} Bxg5 {[%emt 0:00:12] Black mates.} 100. Bd7 Be7 101. Be6 Rf6 102. Bc4 Bd8 103. Ka4 Kc5 104. Bd3 Rf4+ 105. Bc4 Bc7 106. Ka3 Rf2 107. Bg8 Ba5 {[%emt 0:00:09] Weighted Error Value: White=0.05 (flawless) /Black=0.05 (flawless)} 0-1

[Event "12th Tamil Nadu Circuit-IM 2024"]
[Site "Chennai"]
[Date "2024.01.09"]
[Round "1.4"]
[White "Buscara, Sevan"]
[Black "Gochelashvili, David"]
[Result "1/2-1/2"]
[ECO "A00"]
[WhiteElo "2359"]
[BlackElo "2287"]
[Annotator "ChessBase"]
[PlyCount "130"]
[EventDate "2024.01.09"]
[EventType "tourn"]
[EventCountry "IND"]
[SourceTitle "playchess.com"]
[Source "ChessBase"]
[SourceQuality "1"]
[TimeControl "5400+30"]

1. g3 e5 2. Bg2 d5 3. d3 Nc6 4. a3 g6 5. b4 Bg7 6. Bb2 Be6 7. Nd2 a6 8. c4 Nge7 9. Ngf3 d4 10. Nb3 h6 11. O-O O-O 12. Qd2 b6 13. e3 Qd6 14. exd4 exd4 15. Rfe1 g5 16. Re4 Bf5 17. Re2 Ng6 18. b5 axb5 19. cxb5 g4 20. Ne1 Na5 21. Nxa5 Rxa5 22. a4 Rfa8 23. Bxa8 Rxa8 24. a5 Bd7 25. axb6 Rxa1 26. b7 Qb6 27. Bxa1 Qxb7 28. Qb4 Qb6 29. Rc2 Bxb5 30. Qc5 Qa6 31. Bxd4 Bxd3 32. Rc1 Bxd4 33. Qxd4 Bf5 34. Ng2 Qd6 35. Qxd6 cxd6 36. Rd1 Ne5 37. Ne1 Nc4 38. Rd4 Be6 39. f3 gxf3 40. Nxf3 Kg7 41. Kf2 d5 42. Rh4 Nd6 43. Nd4 Kg6 44. Ke3 Nc4+ 45. Kf4 Bd7 46. Ne2 f6 47. Kf3 Ne5+ 48. Ke3 Kg5 49. Nf4 d4+ 50. Kf2 Ng4+ 51. Kg1 Kf5 52. h3 Ne5 53. Rxh6 d3 54. Kf2 d2 55. Ke2 Nf3 56. Rh5+ Ke4 57. Rd5 Ba4 58. Rxd2 Bb5+ 59. Kd1 Nxd2 60. Kxd2 Kf3 61. h4 Be8 62. Ne2 f5 63. Ke1 Bf7 64. Kd2 Be8 65. Ke1 Bf7 1/2-1/2

[Event "12th Tamil Nadu Circuit-IM 2024"]
[Site "Chennai"]
[Date "2024.01.09"]
[Round "1.5"]
[White "Touzane, Olivier"]
[Black "Tologon tegin, Semetei"]
[Result "0-1"]
[ECO "A37"]
[WhiteElo "2242"]
[BlackElo "2384"]
[Annotator "RC"]
[PlyCount "112"]
[EventDate "2024.01.09"]
[EventType "tourn"]
[EventCountry "IND"]
[SourceTitle "playchess.com"]
[Source "ChessBase"]
[SourceQuality "1"]
[TimeControl "5400+30"]

1. Nf3 c5 2. g3 Nc6 3. Bg2 g6 4. c4 Bg7 5. Nc3 d6 6. d3 e6 7. O-O Nge7 8. Bd2 b6 9. Rb1 Bb7 10. e3 O-O 11. a3 d5 12. Qe2 dxc4 13. dxc4 a6 14. Rfd1 Qc7 15. h4 h6 16. Na4 Rfd8 17. Bc3 e5 18. Qc2 Rab8 19. Ne1 Bc8 20. Rxd8+ Nxd8 21. Rd1 Bg4 22. f3 Bf5 23. Qd2 Nb7 24. b3 Rd8 25. Qc1 Bd7 26. Nb2 h5 27. e4 Nc6 28. Nc2 Nd4 29. Nxd4 exd4 30. Be1 f5 31. Nd3 fxe4 32. fxe4 Bg4 33. Rd2 Bh6 34. e5 Na5 35. Qc2 Bf5 36. Rf2 Be3 37. Bd5+ Kg7 38. Kh2 Bxf2 39. Qxf2 Rf8 40. Nf4 Qxe5 41. Bxa5 bxa5 42. Qd2 Qc7 43. Be6 Qe7 44. Bd5 Qc7 45. Be6 Kh7 46. Qg2 Qe7 47. Qd5 Rd8 48. Bxf5 Rxd5 49. Bxg6+ Kh6 50. cxd5 a4 51. bxa4 c4 52. Bxh5 d3 53. Bf3 d2 54. Kg2 c3 55. Bd1 Qe4+ 56. Kf2 Qe1+ 0-1

[Event "12th Tamil Nadu Circuit-IM 2024"]
[Site "Chennai"]
[Date "2024.01.09"]
[Round "2.1"]
[White "Md Imran"]
[Black "Tologon tegin, Semetei"]
[Result "0-1"]
[ECO "A42"]
[WhiteElo "2222"]
[BlackElo "2384"]
[Annotator "RC"]
[PlyCount "134"]
[EventDate "2024.01.09"]
[EventType "tourn"]
[EventCountry "IND"]
[SourceTitle "playchess.com"]
[Source "ChessBase"]
[SourceQuality "1"]
[TimeControl "5400+30"]

1. d4 g6 2. c4 Bg7 3. Nc3 d6 4. e4 e5 5. d5 Ne7 6. h4 h5 7. Bg5 Nd7 8. Bd3 a5 9. Nge2 Nc5 10. Bc2 f6 11. Be3 Bh6 12. Bxh6 Rxh6 13. Qd2 Rh8 14. O-O Ng8 15. b3 Nh6 16. f4 Qe7 17. a3 Ng4 18. f5 gxf5 19. exf5 Qh7 20. Ne4 Nxe4 21. Bxe4 Qh6 22. Qc3 Qe3+ 23. Qxe3 Nxe3 24. Rf3 Ng4 25. Rc1 b6 26. Nc3 Bd7 27. Nb5 Kd8 28. Nc3 Rg8 29. g3 Ke7 30. Nd1 Rg7 31. Ne3 Rag8 32. Re1 Nxe3 33. Rexe3 Rg4 34. Kf2 b5 35. cxb5 Bxb5 36. Re1 c5 37. Rc3 Bd7 38. Ree3 Rb8 39. Re2 Rb6 40. Bf3 Rd4 41. Bxh5 Bxf5 42. Bf3 Kf7 43. Ke3 Kg7 44. Rf2 Rb8 45. Be2 Be4 46. Bc4 f5 47. Ke2 Kg6 48. Rc1 Bxd5 49. Bxd5 Rxd5 50. Rcf1 Rf8 51. Rf3 Rd4 52. Rd3 Rxd3 53. Kxd3 d5 54. Rc1 Rc8 55. Re1 Kf6 56. Rc1 e4+ 57. Ke3 Ke5 58. h5 d4+ 59. Ke2 Kf6 60. Rc4 Rh8 61. Rxc5 Rxh5 62. Rxa5 Rh2+ 63. Ke1 d3 64. Rd5 Kg5 65. b4 Kg4 66. b5 Kf3 67. Rxf5+ Ke3 0-1

[Event "12th Tamil Nadu Circuit-IM 2024"]
[Site "Chennai"]
[Date "2024.01.09"]
[Round "2.2"]
[White "Gochelashvili, David"]
[Black "Touzane, Olivier"]
[Result "1/2-1/2"]
[ECO "E08"]
[WhiteElo "2287"]
[BlackElo "2242"]
[Annotator "RC"]
[PlyCount "24"]
[EventDate "2024.01.09"]
[EventType "tourn"]
[EventCountry "IND"]
[SourceTitle "playchess.com"]
[Source "ChessBase"]
[SourceQuality "1"]
[TimeControl "5400+30"]

1. d4 Nf6 2. Nf3 e6 3. g3 Be7 4. Bg2 d5 5. c4 O-O 6. O-O c6 7. Qc2 Nbd7 8. Rd1 b6 9. Bf4 Nh5 10. Bc1 Nhf6 11. Bf4 Nh5 12. Bc1 Nhf6 1/2-1/2

[Event "12th Tamil Nadu Circuit-IM 2024"]
[Site "Chennai"]
[Date "2024.01.09"]
[Round "2.3"]
[White "Raghav V"]
[Black "Buscara, Sevan"]
[Result "0-1"]
[ECO "B32"]
[WhiteElo "2150"]
[BlackElo "2359"]
[Annotator "ChessBase"]
[PlyCount "70"]
[EventDate "2024.01.09"]
[EventType "tourn"]
[EventCountry "IND"]
[SourceTitle "playchess.com"]
[Source "ChessBase"]
[SourceQuality "1"]
[TimeControl "5400+30"]

1. e4 c5 2. Nf3 Nc6 3. d4 cxd4 4. Nxd4 e5 5. Nb5 d6 6. N1c3 a6 7. Na3 b5 8. Nd5 Nge7 9. g3 h5 10. Bg2 Nxd5 11. exd5 Nd4 12. O-O Bg4 13. f3 Bd7 14. Re1 Nf5 15. Qe2 h4 16. g4 h3 17. Bf1 Nh4 18. Qf2 Be7 19. c4 f5 20. g5 Bxg5 21. f4 Bf6 22. fxe5 dxe5 23. Be3 O-O 24. Bb6 Qe8 25. c5 f4 26. Bd3 Qh5 27. Be4 Bf5 28. Bxf5 Qxf5 29. d6 e4 30. Red1 e3 31. Qe2 f3 32. Qc2 Qg4+ 33. Kh1 Qg2+ 34. Qxg2 hxg2+ 35. Kg1 f2# 0-1

[Event "12th Tamil Nadu Circuit-IM 2024"]
[Site "Chennai"]
[Date "2024.01.09"]
[Round "2.4"]
[White "Mamombe, Kudzanai"]
[Black "Pradeep Kumar R A"]
[Result "0-1"]
[ECO "A05"]
[WhiteElo "1797"]
[BlackElo "2189"]
[Annotator "TA"]
[PlyCount "122"]
[EventDate "2024.01.09"]
[EventType "tourn"]
[EventCountry "IND"]
[SourceTitle "playchess.com"]
[Source "ChessBase"]
[SourceQuality "1"]
[TimeControl "5400+30"]

1. Nf3 Nf6 2. g3 g6 3. Bg2 Bg7 4. O-O O-O 5. d3 d6 6. e4 c5 7. Re1 Nc6 8. c3 e5 9. Qe2 {[%emt 0:03:36] A05: Réti Opening: 1 Nf3 Nf6.} Rb8 {[%emt 0:01:29] [#]} 10. a4 $146 ({Predecessor:} 10. Be3 b5 11. Na3 b4 12. cxb4 Nxb4 13. Nc4 Ba6 14. a3 Nc6 15. b4 Bxc4 16. dxc4 Nxe4 {½-½ Corbalan Gomez,J (2057)-Llaneza Vega,P (2210) Las Palmas op 2005 (4.18)}) 10... a6 11. Bg5 {[%emt 0:00:39] The position is equal.} b5 12. axb5 axb5 13. Nbd2 Be6 14. Nf1 b4 15. Ne3 bxc3 16. bxc3 h6 17. Bxf6 Bxf6 18. Reb1 Rxb1+ 19. Rxb1 Qa5 20. Qc2 Ra8 21. Nd5 Bxd5 22. exd5 Na7 {[%emt 0:00:23][%cal Bc6a7,Ba7c8,Bc8e7][%mdl 32] Black is weak on the light squares} 23. c4 {[%emt 0:07:36] Prevents Nb5} Nc8 24. Nd2 Bg7 25. g4 Qd8 26. Ne4 Ne7 27. Qe2 (27. Qb3 {with more complications.} f5 28. Nxc5 dxc5 29. d6) 27... Rb8 28. Rxb8 Qxb8 29. h4 Kh8 30. Ng3 ({Better is} 30. Qf3 $14 f5 31. gxf5 gxf5 32. Ng3) 30... Bf6 $11 31. h5 Bh4 32. Kh2 Bxg3+ 33. fxg3 gxh5 34. gxh5 {[%emt 0:00:12][%mdl 4096] Endgame KQB-KQN} Qg8 35. g4 Qg5 36. Be4 Qf4+ 37. Kh3 Kg7 38. Qf3 Qd2 39. Kg3 Qe1+ 40. Kh3 Qg1 41. Qg2 Qc1 42. Qf3 Ng8 43. Qf2 Nf6 {[%emt 0:01:41] [#] aiming for ...Nxe4.} 44. Bf5 Qg5 45. Qf3 Kf8 46. Qf2 Ke7 47. Qf3 Kf8 48. Qf2 Kg7 49. Qf3 Qd2 50. Kg3 Ng8 51. Qf2 $2 {[%emt 0:02:59][%mdl 8192] [#]} (51. Kh3 $11) 51... Qxf2+ $19 52. Kxf2 {[%emt 0:00:07] KB-KN} Kf6 53. Ke3 Kg5 54. Kf3 Ne7 55. Bd7 f5 56. gxf5 Nxf5 57. Be6 Nd4+ 58. Ke4 Kxh5 59. Bh3 Kh4 60. Bf1 Kg3 61. Ke3 h5 {[%emt 0:00:05] Weighted Error Value: White=0.63/Black=0.04 (flawless)} 0-1

[Event "12th Tamil Nadu Circuit-IM 2024"]
[Site "Chennai"]
[Date "2024.01.09"]
[Round "2.5"]
[White "Prasannaa.s"]
[Black "Mohamed Anees M"]
[Result "1/2-1/2"]
[ECO "D14"]
[WhiteElo "2213"]
[BlackElo "2319"]
[Annotator "RC"]
[PlyCount "145"]
[EventDate "2024.01.09"]
[EventType "tourn"]
[EventCountry "IND"]
[SourceTitle "playchess.com"]
[Source "ChessBase"]
[SourceQuality "1"]
[TimeControl "5400+30"]

1. Nf3 d5 2. c4 c6 3. cxd5 cxd5 4. d4 Nc6 5. Nc3 Nf6 6. Bf4 a6 7. e3 Bf5 8. Bd3 Bxd3 9. Qxd3 e6 10. O-O Be7 11. h3 O-O 12. Rfc1 Rc8 13. Nd2 Na5 14. Na4 Nd7 15. Nb3 Nxb3 16. axb3 b5 17. Nc3 Qb6 18. Ne2 Qb7 19. Qd2 b4 20. Rxc8 Rxc8 21. Rc1 Nb6 22. Rxc8+ Nxc8 23. Qc2 Na7 24. Nc1 Qc6 25. Qd2 a5 26. Bb8 Nc8 27. Nd3 Nb6 28. Qc1 Qxc1+ 29. Nxc1 Bd8 30. Nd3 Kf8 31. g4 Ke7 32. Kg2 f6 33. h4 Nd7 34. Bg3 Nf8 35. h5 Kd7 36. Bb8 Bb6 37. Bf4 h6 38. Bb8 Kc6 39. Bg3 Bc7 40. f4 f5 41. Bh4 Kd7 42. g5 hxg5 43. fxg5 g6 44. h6 Nh7 45. Bg3 Bd8 46. Nc5+ Ke7 47. Bf4 Kf7 48. Nb7 Bxg5 49. Bxg5 Nxg5 50. Nxa5 Ne4 51. Nc6 g5 52. Nxb4 Nd2 53. Nc6 Nxb3 54. Nd8+ Kg6 55. Nxe6 Kxh6 56. Nc5 Nd2 57. b4 Nc4 58. Na4 Nxe3+ 59. Kf2 Nc2 60. b5 Nxd4 61. b6 Nc6 62. Nc3 d4 63. Nb5 f4 64. b7 d3 65. Ke1 g4 66. Nd4 g3 67. Nxc6 g2 68. Kf2 d2 69. b8=Q g1=Q+ 70. Kxg1 d1=Q+ 71. Kf2 Qc2+ 72. Kf1 Qxc6 73. Qxf4+ 1/2-1/2

[Event "12th Tamil Nadu Circuit-IM 2024"]
[Site "Chennai"]
[Date "2024.01.10"]
[Round "3.1"]
[White "Mohamed Anees M"]
[Black "Md Imran"]
[Result "1-0"]
[ECO "B50"]
[WhiteElo "2319"]
[BlackElo "2222"]
[Annotator "RC"]
[PlyCount "75"]
[EventDate "2024.01.09"]
[EventType "tourn"]
[EventCountry "IND"]
[SourceTitle "playchess.com"]
[Source "ChessBase"]
[SourceQuality "1"]
[TimeControl "5400+30"]

1. e4 c5 2. Nf3 d6 3. Bc4 Nc6 4. O-O Nf6 5. d3 e6 6. Re1 Be7 7. Nc3 O-O 8. a3 a6 9. d4 cxd4 10. Nxd4 Qc7 11. Nxc6 Qxc6 12. Bb3 b5 13. Qe2 Bb7 14. f3 Nd7 15. Nd1 Nc5 16. Ba2 a5 17. Ne3 Bf6 18. Ng4 Bd4+ 19. Kh1 h5 20. c3 Be5 21. Nxe5 dxe5 22. Bg5 f6 23. Be3 Na4 24. Qf2 Rfd8 25. Rad1 Kf7 26. Bb3 Ke7 27. h3 Rac8 28. Kh2 g5 29. h4 Rg8 30. hxg5 fxg5 31. Rd2 Nc5 32. Ba2 a4 33. Red1 Nb3 34. Bxb3 axb3 35. Rd6 Qxd6 36. Bxg5+ Kd7 37. Rxd6+ Kxd6 38. Bf6 1-0

[Event "12th Tamil Nadu Circuit-IM 2024"]
[Site "Chennai"]
[Date "2024.01.10"]
[Round "3.2"]
[White "Pradeep Kumar R A"]
[Black "Prasannaa.s"]
[Result "1-0"]
[ECO "A20"]
[WhiteElo "2189"]
[BlackElo "2213"]
[Annotator "RC"]
[PlyCount "77"]
[EventDate "2024.01.09"]
[EventType "tourn"]
[EventCountry "IND"]
[SourceTitle "playchess.com"]
[Source "ChessBase"]
[SourceQuality "1"]
[TimeControl "5400+30"]

1. g3 e5 2. c4 Nf6 3. Bg2 c6 4. d4 e4 5. Nh3 d5 6. cxd5 cxd5 7. O-O h6 8. f3 exf3 9. Rxf3 Bxh3 10. Bxh3 Nc6 11. Nc3 Be7 12. Rf5 O-O 13. a3 Qb6 14. e3 Rad8 15. b4 g6 16. Rf2 Ne4 17. Nxe4 dxe4 18. Qb3 a5 19. b5 Na7 20. a4 Kg7 21. Bb2 f5 22. Raf1 h5 23. Bg2 Nc8 24. Rc1 Bf6 25. Ba3 Nd6 26. Rfc2 Rd7 27. Qe6 Qd8 28. b6 Re8 29. Qxd7+ Qxd7 30. Rc7 Re7 31. Rxd7 Rxd7 32. Rc7 Rxc7 33. bxc7 Nc8 34. Bf1 Bg5 35. Kf2 Kf6 36. d5 Bh6 37. d6 Ke6 38. Bc4+ Kd7 39. Bb5+ 1-0

[Event "12th Tamil Nadu Circuit-IM 2024"]
[Site "Chennai"]
[Date "2024.01.10"]
[Round "3.3"]
[White "Buscara, Sevan"]
[Black "Mamombe, Kudzanai"]
[Result "1-0"]
[ECO "D02"]
[WhiteElo "2359"]
[BlackElo "1797"]
[Annotator "RC"]
[PlyCount "63"]
[EventDate "2024.01.09"]
[EventType "tourn"]
[EventCountry "IND"]
[SourceTitle "playchess.com"]
[Source "ChessBase"]
[SourceQuality "1"]
[TimeControl "5400+30"]

1. d4 d5 2. Nf3 Nf6 3. Bf4 e6 4. e3 c5 5. Nbd2 Nc6 6. c3 Bd6 7. Bg3 O-O 8. Bd3 cxd4 9. exd4 Ne7 10. Ne5 Re8 11. f4 a6 12. O-O Nf5 13. Bf2 h5 14. h3 g6 15. g4 Ng7 16. Qe2 Bd7 17. Ndf3 Rf8 18. Ng5 Be8 19. Be3 Rc8 20. Rf2 Nd7 21. gxh5 Nxh5 22. Rg2 Ng7 23. Qg4 Nf6 24. Qh4 Nfh5 25. Rf1 Be7 26. f5 exf5 27. Be2 b5 28. Bxh5 Nxh5 29. Rxf5 Bxg5 30. Bxg5 Qd6 31. Qxh5 f6 32. Nxg6 1-0

[Event "12th Tamil Nadu Circuit-IM 2024"]
[Site "Chennai"]
[Date "2024.01.10"]
[Round "3.4"]
[White "Touzane, Olivier"]
[Black "Raghav V"]
[Result "1-0"]
[ECO "A47"]
[WhiteElo "2242"]
[BlackElo "2150"]
[Annotator "TA"]
[PlyCount "89"]
[EventDate "2024.01.09"]
[EventType "tourn"]
[EventCountry "IND"]
[SourceTitle "playchess.com"]
[Source "ChessBase"]
[SourceQuality "1"]
[TimeControl "5400+30"]

1. d4 Nf6 2. Bf4 e6 3. e3 b6 4. Nf3 Bb7 5. Nbd2 g6 6. Bd3 Bg7 7. e4 d6 8. O-O Nh5 9. Bg5 f6 10. Be3 e5 11. dxe5 dxe5 12. Bc4 Nc6 13. c3 Qe7 14. b4 O-O-O 15. Qb3 Kb8 16. a4 f5 17. Bg5 Bf6 18. Bh6 f4 19. a5 g5 20. h3 Rd6 21. Bd5 Bg7 22. Bxg5 Bf6 23. Bf7 Bxg5 24. Bxh5 Bf6 25. axb6 cxb6 26. Qf7 Rd3 27. Rfc1 Rc8 28. Qa2 Qg7 29. Bf7 Rd6 30. Nc4 Rd3 31. Ne1 Rxh3 32. Be6 Rh5 33. b5 Qh6 34. Kf1 f3 35. gxf3 Rh1+ 36. Ke2 Rc7 37. bxc6 Bxc6 38. Nd6 Rh2 39. Nd3 Be7 40. Nf5 Qh5 41. Bd5 Bg5 42. Bxc6 Qg6 43. Nxe5 Qf6 44. Qg8+ Rc8 45. Nd7+ 1-0

[Event "12th Tamil Nadu Circuit-IM 2024"]
[Site "Chennai"]
[Date "2024.01.10"]
[Round "3.5"]
[White "Tologon tegin, Semetei"]
[Black "Gochelashvili, David"]
[Result "1-0"]
[ECO "A48"]
[WhiteElo "2384"]
[BlackElo "2287"]
[Annotator "RC"]
[PlyCount "77"]
[EventDate "2024.01.09"]
[EventType "tourn"]
[EventCountry "IND"]
[SourceTitle "playchess.com"]
[Source "ChessBase"]
[SourceQuality "1"]
[TimeControl "5400+30"]

1. d4 Nf6 2. Nf3 g6 3. Nbd2 c5 4. dxc5 Qa5 5. a3 Qxc5 6. b4 Qb6 7. Bb2 Bg7 8. e3 O-O 9. c4 a5 10. c5 Qc7 11. b5 b6 12. cxb6 Qxb6 13. Bd4 Qb7 14. Nc4 d6 15. a4 Bf5 16. Be2 Nbd7 17. O-O Rfc8 18. Rc1 Nc5 19. Bc3 Be6 20. Nd4 Bd5 21. Nxa5 Rxa5 22. Bxa5 Bxg2 23. Bf3 Bxf3 24. Qxf3 Nfe4 25. Bb4 Ra8 26. a5 Bxd4 27. exd4 Ne6 28. Qe3 N4g5 29. f4 Ne4 30. b6 f5 31. Qb3 Kf7 32. Rc7 Qa6 33. Qc4 Qxc4 34. Rxc4 d5 35. Rc6 Nxd4 36. Rc7 Nb5 37. Rxe7+ Kf6 38. Rc1 Nec3 39. Rxc3 1-0